Map: Celestial Enclave LE

Players

DnS

  • Race: Protoss Protoss
  • Spawn Location: 7:00

A.I. 1 (Very Easy) - Winner!

  • Race: Zerg Zerg
  • Spawn Location: 1:00

VOD

Have the link to the VOD?

Description

Time

  • Played on: Jan. 20, 2026, 2:38 a.m.
  • Length: 8:02
Show
View Real Time Build Order
Export as new Build Order

DnS Protoss 

Build Orders: 1 Gate Expand, Zealot Archon, Archon Drop 

Get SALT Encoding   

  12  0:00  Probe  
  13  0:12  Probe  
  14  0:19  Pylon  
  14  0:24  Probe  
  15  0:33  Probe  
  15  0:40  Gateway  
  15  0:41  Probe  
  16  0:47  Assimilator  
  17  0:51  Probe  
  18  1:03  Probe  
  19  1:15  Probe  
  20  1:23  Nexus  
  20  1:32  Cybernetics Core  
  20  1:35  Probe  
  21  1:40  Assimilator  
  21  1:47  Probe  
  21  1:50  Pylon  
  22  1:57  Probe  
  22  1:59  Adept  
  23  2:06  Probe  
  23  2:09  Warp Gate  
  23  2:14  Probe  
  26  2:20  Forge  
  27  2:25  Probe  
  27  2:26  Stalker  
  30  2:31  Probe  
  31  2:38  Probe  
  31  2:39  Probe  
  33  2:49  Probe  
  33  2:50  Probe  
  34  2:56  Protoss Ground Weapons Level 1  
  35  3:01  Probe  
  35  3:02  Probe  
  37  3:10  Gateway  
  37  3:14  Probe x2  
  37  3:18  Twilight Council  
  39  3:25  Robotics Facility  
  39  3:26  Probe x2  
  41  3:35  Pylon  
  41  3:38  Probe x2  
  43  3:45  Nexus  
  43  3:50  Probe x2  
  43  3:54  Charge  
  45  3:59  Gateway  
  45  4:01  Gateway  
  45  4:04  Probe  
  45  4:05  Probe  
  45  4:07  Warp Prism  
  45  4:08  Assimilator  
  47  4:12  Assimilator  
  47  4:19  Probe  
  47  4:21  Probe  
  51  4:26  Templar Archives  
  51  4:31  Pylon  
  51  4:34  Probe x2  
  53  4:46  Probe  
  53  4:49  Pylon, Probe  
  55  4:57  Probe  
  55  4:58  Probe  
  57  5:03  Gateway  
  57  5:05  Gateway  
  57  5:06  Gateway  
  57  5:09  Gateway x2  
  57  5:13  Protoss Ground Weapons Level 2, Probe x2  
  57  5:14  Probe  
  60  5:17  High Templar x3  
  60  5:18  High Templar  
  60  5:20  Archon  
  68  5:22  Archon  
  68  5:25  Probe  
  69  5:29  Probe  
  69  5:30  Probe  
  69  5:33  Pylon  
  69  5:34  Pylon  
  71  5:37  Probe  
  71  5:41  Assimilator  
  72  5:43  Pylon  
  72  5:44  Probe  
  72  5:45  Probe  
  74  5:50  Zealot x4  
  82  5:59  Zealot x2  
  82  6:00  Zealot  
  82  6:03  Zealot x2  
  92  6:21  Observer  
  93  6:35  Immortal  
  93  6:39  Psionic Storm  
  97  6:43  High Templar x3  
  103  6:48  Probe x2, Nexus, Pylon  
  105  7:07  Photon Cannon  
  105  7:09  Shield Battery  
  105  7:12  Immortal  
  105  7:14  Photon Cannon  
  105  7:15  Photon Cannon  
  105  7:17  Photon Cannon  
  105  7:19  Probe x3, Assimilator  
  112  7:23  Assimilator  
  112  7:54  Zealot x2  
Show
View Real Time Build Order
Export as new Build Order

A.I. 1 (Very Easy) Zerg - Winner!

Build Orders: Hatch First 

Get SALT Encoding   

  12  0:01  Drone  
  13  0:12  Overlord  
  13  0:16  Drone  
  14  0:43  Hatchery, Drone  
  14  1:01  Spawning Pool  
  14  1:03  Drone  
  14  1:07  Extractor  
  14  1:10  Drone  
  14  1:18  Overlord  
  14  1:48  Zergling x2  
  14  1:50  Queen, Zergling x2  
  18  1:56  Roach Warren  
  17  2:02  Drone  
  17  2:07  Extractor  
  17  2:11  Drone  
  17  2:15  Zergling x2  
  19  2:20  Drone  
  20  2:28  Drone  
  21  2:35  Drone  
  22  2:42  Drone  
  23  2:49  Drone  
  24  2:56  Drone  
  25  2:59  Roach  
  25  3:03  Drone  
  28  3:11  Overlord  
  28  3:15  Drone  
  29  3:23  Drone  
  30  3:29  Lair  
  30  3:30  Drone  
  31  3:42  Drone  
  31  3:43  Roach  
  34  3:49  Drone  
  35  3:56  Drone  
  35  3:59  Overlord  
  36  4:03  Drone  
  37  4:10  Drone  
  38  4:18  Drone  
  39  4:25  Drone  
  39  4:26  Ravager  
  39  4:27  Overseer x2, Roach  
  43  4:32  Drone  
  44  4:39  Drone  
  44  4:40  Overlord  
  45  4:46  Drone  
  46  4:53  Drone  
  46  4:58  Extractor  
  46  5:01  Drone  
  46  5:05  Extractor  
  46  5:08  Drone  
  47  5:15  Drone  
  48  5:22  Drone  
  49  5:29  Drone  
  50  5:36  Drone  
  51  5:43  Drone  
  52  6:22  Overlord, Zergling x2  
  43  6:51  Roach  
  45  6:57  Overseer  
  45  7:20  Zergling x2  
Tags
 
Add a new tag
Caveats
  • Supply blocks, unpowered buildings, or Contaminate may cause inaccurate times.
  • Supply counts are checked every 10 seconds.